Map: Dusk Towers

Players

Phoenician - Winner!

  • Race: Zerg Zerg
  • League: Diamond

ReacH

  • Race: Protoss Protoss

VOD

Have the link to the VOD?

Description

Time

  • Played on: Feb. 16, 2016, 3:18 p.m.
  • Length: 11:42
Show
View Real Time Build Order
Export as new Build Order

Phoenician Zerg - Winner!

Build Orders: Hatch First 

Get SALT Encoding   

  12  0:01  Drone  
  13  0:07  Drone  
  14  0:17  Overlord  
  14  0:35  Drone x3  
  17  0:54  Hatchery  
  17  0:56  Drone  
  17  1:02  Drone  
  18  1:11  Extractor  
  17  1:18  Drone, Spawning Pool  
  17  1:21  Drone  
  18  1:31  Drone  
  20  1:47  Drone  
  20  1:59  Overlord  
  20  2:04  Queen  
  20  2:05  Zergling x2  
  20  2:06  Queen  
  25  2:08  Overlord  
  25  2:13  Overlord  
  25  2:17  Drone  
  26  2:25  Metabolic Boost  
  26  2:30  Zergling x2  
  26  2:32  Drone  
  26  2:34  Drone  
  29  2:40  Queen  
  29  2:43  Drone  
  32  2:44  Drone  
  33  2:57  Drone x2  
  34  3:15  Hatchery  
  33  3:25  Drone x5  
  33  3:26  Drone x4  
  42  3:33  Roach Warren  
  41  3:37  Drone  
  41  3:38  Drone  
  43  3:42  Extractor  
  43  3:44  Extractor  
  41  3:55  Drone x3  
  42  3:56  Drone x4  
  42  3:58  Spore Crawler  
  42  3:59  Spore Crawler  
  45  4:04  Drone  
  46  4:12  Overlord  
  46  4:20  Spore Crawler  
  46  4:23  Spore Crawler  
  44  4:24  Overlord x2  
  44  4:29  Drone x3  
  47  4:34  Drone  
  48  4:39  Roach  
  48  4:40  Overlord, Spore Crawler x2  
  48  4:46  Extractor  
  48  4:49  Drone x3  
  50  4:58  Drone x5  
  50  4:59  Drone x2  
  57  5:08  Drone  
  58  5:15  Lair, Evolution Chamber  
  58  5:16  Drone x3, Evolution Chamber  
  58  5:20  Drone x3  
  62  5:21  Extractor  
  62  5:24  Extractor  
  62  5:27  Drone x3  
  63  5:28  Drone  
  63  5:30  Drone  
  65  5:36  Overlord x2  
  65  5:41  Zerg Missile Weapons Level 1  
  65  5:42  Zerg Ground Armor Level 1  
  65  5:56  Drone x2  
  65  5:57  Drone x7  
  69  6:01  Roach  
  73  6:12  Drone x2  
  75  6:19  Roach x3  
  75  6:20  Overlord x3  
  81  6:31  Overlord x2  
  81  6:32  Overlord  
  81  6:36  Glial Reconstitution  
  81  6:38  Queen  
  83  6:43  Hatchery  
  83  6:45  Roach  
  83  6:46  Roach x6  
  94  6:48  Drone x2  
  94  6:51  Roach  
  98  6:56  Roach  
  98  6:58  Roach x2  
  98  7:00  Roach  
  98  7:01  Roach x2  
  108  7:11  Roach x5  
  117  7:28  Roach  
  117  7:29  Roach x2, Spore Crawler  
  121  7:30  Overlord x5  
  121  7:36  Overlord x2  
  121  7:37  Overlord  
  121  7:44  Spore Crawler  
  120  7:46  Overlord x2, Roach  
  120  7:47  Overlord  
  120  7:50  Roach  
  124  7:57  Roach x5  
  134  7:59  Roach  
  136  8:09  Roach x6  
  136  8:10  Roach x3  
  136  8:11  Roach x2  
  146  8:22  Ravager x12  
  146  8:23  Ravager x8, Spore Crawler  
  146  8:26  Roach  
  167  8:30  Ravager  
  167  8:31  Ravager x2  
  167  8:32  Ravager x2  
  166  8:36  Zergling x8  
  166  8:37  Zergling x12  
  166  8:38  Zergling x2  
  153  8:55  Zergling x4  
  153  8:56  Zergling x18  
  141  9:09  Zergling x2  
  130  9:27  Drone  
  130  9:29  Roach x14  
  130  9:30  Roach  
  144  10:02  Roach  
  144  10:03  Roach x14  
  154  10:19  Hydralisk Den  
  142  10:26  Zergling x2  
  142  10:27  Zergling x22  
  153  10:33  Ravager x2  
  153  10:34  Ravager x4  
  147  10:43  Overseer, Zergling x6  
  147  10:56  Roach  
  153  10:57  Roach x4  
  157  11:10  Zergling x6  
  157  11:11  Zergling x8  
Show
View Real Time Build Order
Export as new Build Order

ReacH Protoss 

Build Orders: 1 Gate Expand, Phoenix Opening 

Get SALT Encoding   

  12  0:01  Probe (Chrono Boost)  
  13  0:11  Probe (Chrono Boost)  
  14  0:20  Pylon  
  14  0:22  Probe (Chrono Boost)  
  15  0:38  Probe (Chrono Boost)  
  15  0:42  Gateway  
  16  0:47  Assimilator  
  16  0:49  Probe (Chrono Boost)  
  17  0:59  Probe (Chrono Boost)  
  18  1:10  Probe (Chrono Boost)  
  19  1:21  Probe (Chrono Boost)  
  19  1:24  Nexus  
  20  1:34  Probe (Chrono Boost)  
  20  1:38  Cybernetics Core  
  21  1:44  Probe (Chrono Boost)  
  21  1:46  Assimilator  
  22  1:53  Pylon  
  22  1:56  Probe (Chrono Boost)  
  23  2:11  Probe (Chrono Boost)  
  23  2:14  Adept (Chrono Boost)  
  26  2:23  Mothership Core (Chrono Boost)  
  28  2:33  Warp Gate  
  28  2:40  Stalker (Chrono Boost)  
  31  2:44  Probe x2 (Chrono Boost)  
  32  2:52  Stargate  
  32  2:55  Probe x2 (Chrono Boost)  
  34  3:00  Pylon  
  34  3:05  Probe (Chrono Boost)  
  35  3:06  Probe (Chrono Boost)  
  36  3:13  Pylon  
  36  3:16  Probe x2 (Chrono Boost)  
  38  3:26  Probe (Chrono Boost)  
  39  3:30  Probe (Chrono Boost)  
  39  3:32  Pylon  
  40  3:35  Probe (Chrono Boost)  
  40  3:38  Phoenix (Chrono Boost)  
  40  3:40  Probe  
  44  3:45  Probe  
  45  3:52  Probe  
  46  3:56  Probe  
  46  4:00  Phoenix (Chrono Boost)  
  46  4:02  Nexus  
  49  4:06  Pylon  
  49  4:07  Probe  
  49  4:09  Probe  
  50  4:16  Forge  
  51  4:19  Probe  
  51  4:22  Phoenix (Chrono Boost)  
  51  4:23  Assimilator  
  54  4:25  Probe  
  54  4:29  Assimilator  
  55  4:33  Probe  
  55  4:36  Probe  
  57  4:40  Gateway  
  57  4:43  Gateway  
  57  4:45  Probe  
  58  4:47  Probe  
  58  4:49  Pylon  
  59  4:55  Pylon  
  59  4:56  Phoenix (Chrono Boost)  
  59  4:57  Probe  
  59  4:58  Probe  
  61  5:09  Probe x2  
  61  5:13  Probe  
  68  5:21  Sentry, Probe  
  68  5:22  Probe  
  68  5:26  Pylon  
  72  5:30  Protoss Ground Weapons Level 1  
  72  5:33  Robotics Facility  
  72  5:35  Probe  
  73  5:39  Phoenix (Chrono Boost)  
  73  5:41  Probe x2  
  73  5:44  Assimilator  
  73  5:46  Assimilator  
  73  5:47  Probe  
  74  5:53  Probe  
  74  5:54  Robotics Facility  
  75  5:57  Probe  
  76  6:07  Probe  
  76  6:11  Probe x2  
  77  6:12  Phoenix (Chrono Boost)  
  81  6:21  Probe x2  
  81  6:25  Adept x3  
  89  6:32  Gateway, Probe  
  89  6:37  Gateway  
  89  6:38  Gateway  
  90  6:45  Probe  
  91  6:50  Immortal x2 (Chrono Boost)  
  99  6:55  Twilight Council  
  99  6:56  Probe, Forge  
  99  6:59  Probe  
  99  7:00  Adept x3  
  107  7:02  Probe  
  107  7:05  Pylon  
  108  7:25  Immortal x2 (Chrono Boost)  
  108  7:26  Probe  
  108  7:27  Probe  
  108  7:28  Stalker x2  
  108  7:29  Stalker  
  122  7:32  Charge  
  122  7:33  Protoss Ground Armor Level 1  
  122  7:34  Protoss Ground Weapons Level 2  
  118  7:40  Probe, Nexus  
  118  7:41  Probe  
  120  7:59  Observer (Chrono Boost), Immortal (Chrono Boost)  
  120  8:02  Pylon  
  125  8:07  Pylon  
  125  8:09  Pylon x2  
  125  8:18  Gateway  
  125  8:19  Templar Archives  
  125  8:21  Gateway  
  125  8:22  Pylon  
  125  8:24  Pylon  
  125  8:35  Pylon  
  125  8:36  Pylon  
  125  8:37  Immortal (Chrono Boost)  
  125  8:38  Immortal (Chrono Boost)  
  125  8:39  Sentry x5  
  123  8:55  Stalker  
  123  8:58  Void Ray  
  115  9:04  Zealot x4  
  105  9:12  Zealot  
  105  9:13  Immortal (Chrono Boost)  
  105  9:17  Gateway  
  101  9:18  Gateway  
  93  9:25  Sentry  
  93  9:28  High Templar x2  
  93  9:29  High Templar x2, Zealot x2  
  92  9:36  Archon  
  92  9:37  Archon, Assimilator  
  92  9:38  Assimilator  
  90  9:51  Sentry  
  90  9:52  Stalker x2  
  88  10:02  Cybernetics Core  
  91  10:07  Immortal (Chrono Boost)  
  91  10:12  Immortal (Chrono Boost)  
  83  10:18  Pylon, Probe  
  83  10:19  Probe  
  72  10:27  Zealot x4  
  72  10:28  Zealot  
  76  10:36  Mothership Core  
  76  10:41  Immortal (Chrono Boost)  
  82  10:44  Pylon x3  
  84  10:51  Immortal (Chrono Boost)  
  61  11:06  Sentry  
  61  11:08  Stalker x3  
  61  11:10  Probe  
  30  11:38  Stalker  
Tags
 
Add a new tag
Caveats
  • Supply blocks, unpowered buildings, or Contaminate may cause inaccurate times.
  • Supply counts are checked every 10 seconds.